 Dungeon Crawl Stone Soup version 0.19-a0-1815-g4007336 (webtiles) character file.

6351 Alarkh the Carver (level 10, -13/67 HPs)
             Began as a Mummy Wizard on Oct 5, 2016.
             Was a Priest of Okawaru.
             Killed from afar by a gargoyle (20 damage)
             ... with a stone arrow
             ... on level 10 of the Dungeon.
             The game lasted 00:23:43 (13854 turns).

Alarkh the Carver (Mummy Wizard)                   Turns: 13854, Time: 00:23:44

Health: -13/67     AC:  6    Str: 10    XL:     10   Next: 65%
Magic:  19/19      EV: 12    Int: 24    God:    Okawaru [***...]
Gold:   218        SH:  0    Dex: 10    Spells: 5 memorised, 10 levels left

rFire  . . .     SeeInvis .     a - +6 scimitar (elec)
rCold  . . .     Gourm    .     v - +2 leather armour {MR+}
rNeg   + + +     Faith    .     (no shield)
rPois  ∞         Spirit   .     F - +0 hat
rElec  .         Dismiss  .     y - +0 cloak
rCorr  .         Reflect  .     (no gloves)
MR     ++...     Harm     .     (no boots)
Stlth  +.........               (no amulet)
                                u - ring of fire
                                j - +2 ring of intelligence

@: about to teleport
A: no food or potions, fire vulnerability, cold resistance 1, negative energy
resistance 3, torment resistance, unbreathing
a: Heroism, Renounce Religion


You were on level 10 of the Dungeon.
You worshipped Okawaru.
Okawaru was most pleased with you.
You were not hungry.

You visited 2 branches of the dungeon, and saw 11 of its levels.
You also visited: Ossuary.

You collected 771 gold pieces.
You spent 553 gold pieces at shops.

Inventory:

Hand Weapons
 a - a +6 scimitar of electrocution (weapon)
 b - the +2 falchion of Ravage {drain, rElec rF+ Int-2 Dex+4}
   (You bought it in a shop on level 7 of the Dungeon)

   A truly terrible weapon, it drains the life of those it strikes.
   It affects your intelligence (-2).
   It affects your dexterity (+4).
   It protects you from fire.
   It insulates you from electricity.
 f - a +0 hand axe
 k - a +0 flail
 n - a +2 dagger of draining
 N - a +0 scimitar
Missiles
 g - 2 throwing nets (quivered)
Armour
 v - a +2 leather armour of magic resistance (worn)
 y - a +0 cloak (worn)
 z - a +0 robe
 F - a +0 hat (worn)
Magical Staves
 J - an uncursed staff of summoning
Jewellery
 j - a +2 ring of intelligence (left hand)
 u - a ring of fire (right hand)
 M - an uncursed ring of wizardry
Wands
 m - a wand of teleportation (5/9)
 q - a wand of paralysis (5/24)
 s - a wand of random effects (27/48)
 t - a wand of flame (11/48)
 w - a wand of lightning (6/15)
 x - a wand of paralysis (7/24)
 A - a wand of slowing (23/48)
 B - a wand of random effects (18/48)
 E - a wand of acid (8/15)
 G - a wand of random effects (17/48)
 H - a wand of paralysis (13/24)
 L - a wand of hasting (2/9)
 O - a wand of disintegration (6/24)
Scrolls
 d - 6 scrolls of remove curse
 e - a scroll of identify
 h - a scroll of random uselessness
 i - a scroll of recharging
 l - 3 scrolls of immolation
 o - 2 scrolls of magic mapping
 p - 3 scrolls of teleportation
 r - 2 scrolls of enchant armour
 C - 2 scrolls of amnesia
 D - a scroll of fear {unknown}
 I - a scroll of summoning {unknown}
 K - a scroll of brand weapon {unknown}
Books
 c - a book of Minor Magic

   Spells                             Type                      Level
   a - Magic Dart                     Conjuration                  1
   b - Blink                          Translocation                2
   c - Call Imp                       Summoning                    2
   d - Repel Missiles                 Charms/Air                   2
   e - Slow                           Hexes                        2
   f - Conjure Flame                  Conjuration/Fire             3
   g - Mephitic Cloud                 Conjuration/Poison/Air       3


   Skills:
 + Level 2.2 Fighting
 * Level 10.1 Long Blades
 + Level 1.3 Armour
 + Level 2.3 Dodging
 - Level 1.5 Stealth
 - Level 6.1 Spellcasting
 - Level 7.0 Conjurations
   Level 0.7 Summonings
 - Level 0.7 Translocations


You had 10 spell levels left.
You knew the following spells:

 Your Spells              Type           Power        Failure   Level  Hunger
a - Magic Dart            Conj           ####         1%          1    N/A
b - Blink                 Tloc           N/A          14%         2    N/A
c - Mephitic Cloud        Conj/Pois/Air  ###.....     14%         3    N/A
d - Repel Missiles        Chrm/Air       #.....       17%         2    N/A
e - Conjure Flame         Conj/Fire      #####...     10%         3    N/A

Dungeon Overview and Level Annotations

Branches:
Dungeon (10/15)            Temple (1/1) D:5            Lair (0/6) D:8
    Orc: D:9-12

Altars:
Ashenzari
Cheibriados
Dithmenos
Elyvilon
Fedhas
Gozag
Hepliaklqana
Kikubaaqudgha
Makhleb
Nemelex Xobeh
Okawaru
Qazlal
Ru
Sif Muna
Trog
Uskayaw
Vehumet
Xom
Yredelemnul
Zin
The Shining One

Shops:
D:7 *


Innate Abilities, Weirdness & Mutations

You do not eat or drink.
Your flesh is vulnerable to fire.
You are immune to poison.
Your flesh is cold resistant. (rC+)
You are immune to negative energy. (rN+++)
You are immune to unholy pain and torment.
You can survive without breathing.


Message History

A killer bee comes into view.
The killer bee buzzes angrily. x2; You hear an angry buzzing noise. x3
The killer bee barely misses you. 2 killer bees come into view.
A gargoyle comes into view. It is wielding a mace.
The killer bee barely misses you.
You riposte.
You closely miss the killer bee.
The gargoyle hurls a stone arrow at you.
The stone arrow hits you! The killer bee stings you!
As you read the scroll of teleportation, it crumbles to dust.
You feel strangely unstable. The killer bee stings you.
The killer bee stings you but does no damage.
The gargoyle hits you with a mace. The killer bee closely misses you.
You riposte.
You closely miss the killer bee. The killer bee misses you.
You riposte.
You closely miss the killer bee.
The gargoyle hurls a stone arrow at you.
The stone arrow hits you!
* * * LOW HITPOINT WARNING * * *
The gargoyle hurls a stone arrow at you.
The stone arrow hits you!
You die...

..# ..................
..# ............y.....
(.# .......(......yy..
#######...##.#..####...
......# #..#.....#
...... #..#..y.y#
###########..####9y#
.#............#..y.#
)#............#.@..#
.#............#....#
.#.......†....#....#
.#..##...###########
.... #........# ...#
... #.....)..#....#
.#####...####.#..#
............#....#
............#....#


You could see a gargoyle and 3 killer bees.

Vanquished Creatures
  The ghost of TotoDurand the Skirmisher, a novice VSFi of Okawaru (D:7)
  The ghost of Soeti the Skirmisher, a novice GrFE of Cheibriados (D:6)
  The ghost of removeelyvilon the Chopper, an amateur MiGl of Uskayaw (D:4)
  3 hippogriffs
  Sigmund (D:6)
  A wyvern (D:9)
  Eustachio (D:6)
  A hungry ghost (D:9)
  Menkaure (D:6)
  A water moccasin (D:9)
  Duvessa (D:5)
  2 ice beasts
  5 orc warriors
  5 ogres
  2 centaurs
  A crocodile (D:7)
  A big kobold (D:8)
  Blork the orc (D:6)
  6 bullfrogs
  A gnoll sergeant (D:10)
  Dowan (D:5)
  2 scorpions
  8 killer bees
  6 wights
  5 centaur zombies
  3 crimson imps
  A bullfrog zombie (D:5)
  6 orc priests
  Crazy Yiuf (D:6)
  A bullfrog skeleton (D:5)
  5 hounds
  A jelly (D:9)
  Ijyb (D:2)
  Jessica (D:3)
  An iguana (D:10)
  7 orc wizards
  7 worker ants
  Terence (D:3)
  3 big kobold zombies (Ossuary)
  A hound zombie (D:7)
  2 mummies (Ossuary)
  10 gnolls
  8 adders
  A river rat (D:8)
  4 shadow imps
  An ooze (D:5)
  3 adder zombies
  2 adder skeletons
  A worm (D:2)
  2 dart slugs (D:1)
  2 leopard geckos
  34 orcs
  8 bats
  4 giant cockroaches
  2 gnoll zombies (Ossuary)
  7 goblins
  15 hobgoblins
  13 jackals
  3 quokkas
  2 ball pythons
  5 frilled lizards
  4 goblin zombies (Ossuary)
  A hobgoblin zombie (Ossuary)
  11 kobolds
  2 leopard gecko skeletons (D:5)
  3 orc zombies (Ossuary)
  10 rats
259 creatures vanquished.

Vanquished Creatures (others)
  A bush (D:10)
1 creature vanquished.

Grand Total: 260 creatures vanquished

Notes
Turn   | Place    | Note
-------+----------+-------------------------------------------
     0 | D:1      | Alarkh the Mummy Wizard began the quest for the Orb.
     0 | D:1      | Reached XP level 1. HP: 13/13 MP: 4/4
    76 | D:1      | Reached skill level 1 in Conjurations
   178 | D:1      | Reached XP level 2. HP: 11/19 MP: 1/6
   934 | D:1      | Reached XP level 3. HP: 24/24 MP: 3/7
   938 | D:1      | Learned a level 2 spell: Blink
   942 | D:1      | Learned a level 3 spell: Mephitic Cloud
   945 | D:1      | Learned a level 2 spell: Repel Missiles
  1427 | D:2      | Noticed Ijyb
  3099 | D:2      | Reached XP level 4. HP: 21/30 MP: 0/9
  3370 | D:3      | HP: 1/30 [adder (2)]
  3909 | D:2      | Killed Ijyb
  3909 | D:2      | Reached XP level 5. HP: 34/35 MP: 4/10
  4234 | D:3      | Learned a level 3 spell: Conjure Flame
  4247 | D:3      | Noticed Terence
  4260 | D:3      | Killed Terence
  4335 | D:3      | Noticed Jessica
  4339 | D:3      | Killed Jessica
  4589 | D:3      | Reached XP level 6. HP: 41/41 MP: 10/12
  5320 | D:4      | Noticed removeelyvilon's ghost (amateur MiGl)
  5371 | D:4      | HP: 1/41 [removeelyvilon's ghost (4)]
  5727 | D:4      | Noticed a hippogriff
  5757 | D:4      | Killed a hippogriff
  5757 | D:4      | Reached skill level 5 in Spellcasting
  5757 | D:4      | Reached skill level 5 in Conjurations
  5757 | D:4      | Reached XP level 7. HP: 19/46 MP: 1/14
  6712 | D:4      | Killed removeelyvilon's ghost
  6740 | D:5      | Entered Level 5 of the Dungeon
  7064 | D:5      | Found a shadowy altar of Dithmenos.
  7375 | D:5      | Reached XP level 8. HP: 47/52 MP: 16/16
  7763 | D:5      | Noticed Duvessa
  7763 | D:5      | Noticed Dowan
  7776 | D:5      | Killed Duvessa
  7785 | D:5      | Killed Dowan
  8162 | D:5      | Found a staircase to the Ecumenical Temple.
  8401 | D:6      | Reached skill level 1 in Fighting
  8418 | D:6      | Found a sacrificial altar of Ru.
  8517 | D:6      | Noticed Blork the orc
  8568 | D:6      | Killed Blork the orc
  8568 | D:6      | Reached skill level 1 in Armour
  8707 | D:6      | Noticed Menkaure
  8707 | D:6      | Reached skill level 1 in Long Blades
  8716 | D:6      | Noticed Soeti's ghost (novice GrFE)
  8735 | D:5      | Reached skill level 2 in Long Blades
  8984 | D:6      | Reached skill level 3 in Long Blades
  9072 | D:6      | Killed Soeti's ghost
  9072 | D:6      | Reached skill level 4 in Long Blades
  9072 | D:6      | Reached XP level 9. HP: 50/61 MP: 7/18
  9128 | D:6      | Noticed Eustachio
  9384 | D:5      | Reached skill level 5 in Long Blades
  9530 | D:6      | Killed Eustachio
  9574 | D:6      | Noticed Sigmund
  9583 | D:6      | Killed Sigmund
  9634 | D:6      | Killed Menkaure
  9634 | D:6      | Reached skill level 6 in Long Blades
 10020 | D:6      | Found a runed door.
 10383 | D:6      | Noticed Crazy Yiuf
 10393 | D:6      | Killed Crazy Yiuf
 10573 | Temple   | Entered the Ecumenical Temple
 10823 | Temple   | Became a worshipper of Warmaster Okawaru
 10942 | D:7      | Noticed TotoDurand's ghost (novice VSFi)
 10981 | D:7      | Killed TotoDurand's ghost
 10981 | D:7      | Reached skill level 7 in Long Blades
 11032 | D:7      | Found Axigub's Assorted Antiques.
 11041 | D:7      | Got a crude great mace
 11043 | D:7      | Bought a blackened copper wand for 108 gold pieces
 11043 | D:7      | Bought a steaming falchion for 216 gold pieces
 11043 | D:7      | Identified the +2 falchion of Ravage {drain, rElec rF+ Int-2 Dex+4} (You bought it in a shop on level 7 of the Dungeon)
 11077 | D:7      | Found a sand-covered staircase.
 11187 | Ossuary  | Entered an ossuary
 11615 | D:7      | Reached * piety under Okawaru
 11907 | D:8      | Reached skill level 8 in Long Blades
 11922 | D:8      | Reached XP level 10. HP: 37/67 MP: 15/19
 12002 | D:8      | Identified the cursed +2 great mace of Kyfomuuda {crush, rF+ MP+9 Int-3} (You found it on level 7 of the Dungeon)
 12031 | D:7      | Bought a scroll of enchant weapon for 202 gold pieces
 12031 | D:7      | Bought a scroll labeled ILEFIT QUMP for 27 gold pieces
 12129 | D:8      | Found a staircase to the Lair.
 12436 | D:9      | Reached ** piety under Okawaru
 12519 | D:9      | Reached skill level 9 in Long Blades
 13126 | D:9      | Reached *** piety under Okawaru
 13383 | D:10     | Entered Level 10 of the Dungeon
 13585 | D:10     | Reached skill level 10 in Long Blades
 13850 | D:10     | Noticed a gargoyle
 13854 | D:10     | Killed from afar by a gargoyle

Vault maps used:
D:1:      lemuel_arrival_rhombus
D:2:      st_stairs_13, uniq_iyjb
D:3:      uniq_terence, uniq_jessica
D:5:      first_bread, grunt_dithmenos_smoke, uniq_duvessa
D:6:      serial_bayou_pond_b, hex_tiny, nicolae_ru_the_path_less_chosen,
          uniq_sigmund, uniq_menkaure, uniq_eustachio, uniq_blork_the_orc,
          uniq_crazy_yiuf_cottage
D:7:      serial_shops, shop, enter_ossuary_5
D:8:      due_lair_maze_entry_diamond
D:10:     kb_lookout_dungeons_type
Temple:   roderic_octagonal_lattice_temple
Ossuary:  minmay_ossuary_gauntlet

Skill      XL: |  1  2  3  4  5  6  7  8  9 10 |
---------------+-------------------------------+-----
Conjurations   | 1 2 3 4 5 6 7 |  7.0
Spellcasting   | 4 5 6 |  6.1
Fighting       | 1 2 |  2.2
Dodging        | 2 |  2.3
Armour         | 1 |  1.3
Long Blades    | 4 8 10 | 10.1
Stealth        | |  1.5
Summonings     | |  0.7
Translocations | |  0.7

Action                   |  1- 3 |  4- 6 |  7- 9 | 10-12 || total
-------------------------+-------+-------+-------+-------++-------
Melee: Hand axe          |    23 |       |       |       ||    23
       Flail             |       |    14 |       |       ||    14
       Dagger            |       |    33 |    33 |       ||    66
       Scimitar          |       |       |   152 |   129 ||   281
 Cast: Magic Dart        |   110 |   118 |   229 |   114 ||   571
       Mephitic Cloud    |     1 |     4 |    11 |     8 ||    24
       Repel Missiles    |     1 |       |       |       ||     1
       Conjure Flame     |       |     4 |    17 |     3 ||    24
Evoke: Wand              |       |       |     2 |       ||     2
  Use: Scroll            |       |     2 |     9 |     8 ||    19
 Stab: Confused          |       |     5 |     2 |     1 ||     8
       Paralysed         |       |       |     5 |       ||     5
       Sleeping          |       |       |     1 |       ||     1
Armor: Robe              |    18 |    12 |     2 |       ||    32
       Leather armour    |       |       |    53 |    36 ||    89
Dodge: Dodged            |    36 |    70 |   133 |    81 ||   320
       Deflected         |     1 |       |     1 |       ||     2
       Rpst.: Scimitar   |       |       |    31 |    27 ||    58
